 Dungeon Crawl Stone Soup version 0.18.1-1-g2f07953 (webtiles) character file.

2722 varam the Cleaver (level 9, -11/85 HPs)
             Began as a Deep Dwarf Gladiator on May 5, 2016.
             Was a Priest of Makhleb.
             Killed from afar by Erica (15 damage)
             ... with a bolt of poison
             ... on level 8 of the Dungeon on May 6, 2016.
             The game lasted 00:35:46 (7810 turns).

varam the Cleaver (Deep Dwarf Gladiator)            Turns: 7810, Time: 00:35:47

Health: -11/85     AC: 10    Str: 22    XL:     9   Next: 39%
Magic:  7/7        EV: 10    Int:  8    God:    Makhleb [***...]
Gold:   420        SH:  8    Dex: 14    Spells: 0 memorised, 8 levels left

rFire  + . .     SeeInvis .     a - +0 war axe
rCold  . . .     Gourm    +     J - +1 ring mail {rF+}
rNeg   . . .     Faith    .     n - +0 shield
rPois  .         Spirit   .     l - +1 helmet
rElec  .         Dismiss  .     (no cloak)
rCorr  .         Reflect  .     p - +0 pair of gloves
SustAt .         Harm     .     v - +0 pair of boots
MR     +....                    r - amulet of the gourmand
Stlth  +.........               (no ring)
                                (no ring)

@: lethally poisoned (-11 -> -11), non-regenerating, somewhat resistant to
hostile enchantments, very unstealthy
A: damage resistance, recharge devices, sense surroundings 2, slow regeneration
3
a: Device Recharging, Minor Destruction, Lesser Servant of Makhleb, Renounce
Religion


You were on level 8 of the Dungeon.
You worshipped Makhleb.
Makhleb was most pleased with you.
You were very full.

You visited 1 branch of the dungeon, and saw 8 of its levels.
You also visited: Sewer.

You collected 420 gold pieces.

Inventory:

Hand Weapons
 a - a +0 war axe (weapon)
 k - a cursed -2 spear
Missiles
 d - 3 throwing nets (quivered)
 y - 165 stones
Armour
 l - a +1 helmet (worn)
 n - a +0 shield (worn)
 p - a +0 pair of gloves (worn)
 v - a +0 pair of boots (worn)
 J - a +1 ring mail of fire resistance (worn)
 K - a gold dragon hide
Jewellery
 r - an amulet of the gourmand (around neck)
 E - an uncursed ring of magical power {unknown}
 T - a +5 ring of strength {unknown}
Wands
 e - a wand of heal wounds (3/9)
 z - a wand of random effects (20/48)
 L - a wand of confusion (26/48)
 O - a wand of slowing (18/48)
Scrolls
 b - 2 scrolls of blinking
 c - 2 scrolls of immolation
 j - 2 scrolls of amnesia {unknown}
 o - 3 scrolls of fear
 q - 3 scrolls of remove curse
 x - a scroll of magic mapping {unknown}
 G - 3 scrolls of teleportation
 H - a scroll of noise {unknown}
 I - a scroll of recharging {unknown}
 N - 2 scrolls of random uselessness {unknown}
 P - a scroll of acquirement {unknown}
 S - a scroll of identify
Potions
 g - 2 potions of mutation {unknown}
 i - a potion of resistance {unknown}
 s - 2 potions of curing {unknown}
 t - 4 potions of agility
 u - 3 potions of heal wounds {unknown}
 A - 3 potions of lignification {unknown}
 C - 4 potions of flight {unknown}
 F - a potion of brilliance {unknown}
 M - a potion of haste {unknown}
Books
 h - a book of Debilitation

   Spells                             Type                      Level
   a - Corona                         Hexes                        1
   b - Slow                           Hexes                        2
   c - Gell's Gravitas                Hexes/Translocation          3
   d - Inner Flame                    Hexes/Fire                   3
   e - Cause Fear                     Hexes                        4
   f - Leda's Liquefaction            Hexes/Earth                  4
Miscellaneous
 Q - a plain deck of wonders
Comestibles
 f - 8 bread rations
 m - 6 beef jerkies
 w - 3 meat rations
 B - 8 fruits
 D - a royal jelly
 R - 7 slices of pizza


   Skills:
 + Level 6.7 Fighting
 + Level 9.8 Axes
 - Level 3.2 Throwing
 - Level 5.0 Dodging
 + Level 4.5 Invocations
 + Level 3.9 Evocations


You had 8 spell levels left.
You didn't know any spells.

Dungeon Overview and Level Annotations

Branches:
Dungeon (8/15)             Temple (0/1) D:4
   Lair: D:8-11

Altars:
Ashenzari
Dithmenos
Elyvilon
Gozag
Kikubaaqudgha
Makhleb
Nemelex Xobeh
Okawaru
Qazlal
Yredelemnul
Zin
The Shining One

Annotations:
D:6 exclusion: oklob plant, Prince Ribbit
D:8 Erica, Pikel


Innate Abilities, Weirdness & Mutations

You are resistant to damage.
You can recharge devices by infusing magical energy.
You passively map the area around you.
You do not regenerate naturally.


Message History

Found 3 scrolls of remove curse.
A slave comes into view.
The slave moves out of view.
You hear some strange, mumbled words.
Your hellwing easily resists.
Something hits your hellwing but does no damage.
Something hits your hellwing but does no damage.
Something closely misses your hellwing.
Your hellwing disappears in a puff of smoke!
Something closely misses your smoke demon.
A slave comes into view.
Something hits your smoke demon.
An orc comes into view. It is wielding a club.
Something barely misses your smoke demon.
You hear some strange, mumbled words.
A bolt of poison appears from out of thin air!
The bolt of poison hits your smoke demon.
The bolt of poison hits you!
You are poisoned.
You die...

...........# #.#
####.##.##.# #####.#
# #.##.#* #* #.?.#.#
# ##.##.. , ....#.#
###...####, ,...#.#
........... ..##.#
###...##########.##.#
##.## ........##.#
#.# ,* #@##.# #.#
#3##.# #.# * #{##.#
*.#* .#######K##.# *
,,.......#p##.### *
......(opp....#
*.......#o##.#.#
.....o......#..# *
.......#.####.##*


You could see Pikel, an orc warrior, 3 slaves, an orc and a friendly smoke
demon.

Vanquished Creatures
  Eustachio (D:5)
  Duvessa (D:7)
  An orc warrior (D:7)
  A black bear (D:6)
  A phantom (D:7)
  A centaur (D:6)
  2 ogres (D:4)
  A crocodile (D:8)
  A big kobold (D:4)
  2 giant frogs (Sewer)
  A howler monkey (D:5)
  3 crimson imps
  5 orc priests
  3 hounds
  Ijyb (D:3)
  Jessica (D:3)
  3 worker ants
  4 orc wizards
  A sheep (D:7)
  A howler monkey zombie (D:5)
  Robin (D:2)
  A worker ant zombie (D:5)
  3 gnolls (D:2)
  A howler monkey skeleton (D:4)
  9 adders
  A shadow imp (D:7)
  A worm (D:4)
  9 giant geckos
  17 orcs
  18 giant cockroaches
  19 goblins
  15 hobgoblins
  3 jackals (D:4)
  4 kobolds
  4 quokkas
  4 ball pythons (Sewer)
  7 bats
  A giant gecko skeleton (D:4)
  7 giant newts
  2 quokka skeletons
  2 quokka zombies
  12 rats
176 creatures vanquished.

Vanquished Creatures (collateral kills)
  Grinder (D:5)
  A human (D:7)
  Menkaure (D:5)
  A water moccasin (D:7)
  An ice beast (D:8)
  A sky beast (D:7)
  2 giant frogs (D:7)
  A wyvern zombie (D:6)
  Dowan (D:7)
  A wyvern skeleton (D:7)
  2 orc priests (D:7)
  3 sheep (D:7)
  An adder skeleton (D:7)
  3 orcs (D:7)
  A quokka zombie (D:5)
21 creatures vanquished.

Vanquished Creatures (others)
  An orc wizard (D:3)
1 creature vanquished.

Grand Total: 198 creatures vanquished

Notes
Turn   | Place    | Note
--------------------------------------------------------------
     0 | D:1      | varam the Deep Dwarf Gladiator began the quest for the Orb.
     0 | D:1      | Reached XP level 1. HP: 19/19 MP: 1/1
   116 | D:1      | Reached XP level 2. HP: 26/26 MP: 2/2
   717 | D:2      | Noticed Robin
   724 | D:1      | Reached XP level 3. HP: 20/33 MP: 3/3
  1577 | D:2      | Killed Robin
  1766 | D:2      | Found a burning altar of Makhleb.
  1770 | D:2      | Reached skill level 4 in Axes
  1770 | D:2      | Reached XP level 4. HP: 33/40 MP: 4/4
  1775 | D:2      | Became a worshipper of Makhleb the Destroyer
  2111 | D:2      | Reached XP level 5. HP: 48/48 MP: 5/5
  2375 | D:3      | Reached * piety under Makhleb
  3118 | D:3      | Noticed Jessica
  3125 | D:3      | Killed Jessica
  3125 | D:3      | Reached XP level 6. HP: 34/56 MP: 6/6
  3257 | D:3      | Found a stormy altar of Qazlal.
  3280 | D:3      | Noticed an air elemental
  3281 | D:3      | Noticed a water elemental
  3281 | D:3      | Noticed a fire elemental
  3348 | D:3      | Found a shattered altar of Ashenzari.
  3386 | D:3      | Noticed Ijyb
  3401 | D:3      | Killed Ijyb
  3644 | D:4      | Found a staircase to the Ecumenical Temple.
  3804 | D:4      | Reached skill level 5 in Axes
  3804 | D:4      | Reached skill level 5 in Dodging
  4258 | D:4      | Found an iron altar of Okawaru.
  4339 | D:4      | Reached ** piety under Makhleb
  4339 | D:4      | Reached XP level 7. HP: 46/64 MP: 7/7
  4650 | D:4      | Reached skill level 6 in Axes
  4765 | D:5      | Entered Level 5 of the Dungeon
  4776 | D:5      | Reached skill level 1 in Invocations
  4802 | D:5      | Noticed Eustachio
  4802 | D:5      | Noticed Menkaure
  4953 | D:5      | Found a shadowy altar of Dithmenos.
  4953 | D:5      | Found an ancient bone altar of Kikubaaqudgha.
  4954 | D:5      | Found a basalt altar of Yredelemnul.
  4999 | D:5      | Found a glowing drain.
  5022 | Sewer    | Entered a sewer
  5052 | Sewer    | Reached *** piety under Makhleb
  5294 | Sewer    | Reached skill level 5 in Fighting
  5296 | Sewer    | Reached skill level 7 in Axes
  5296 | Sewer    | Reached XP level 8. HP: 68/74 MP: 7/7
  5314 | D:5      | Killed Eustachio
  5343 | D:5      | Killed Menkaure
  5871 | D:5      | Noticed Grinder
  5882 | D:5      | Paralysed by Grinder for 6 turns
  5906 | D:5      | Noticed a hellwing
  5909 | D:5      | Killed Grinder
  5909 | D:5      | Reached skill level 8 in Axes
  6229 | D:6      | Found a glowing silver altar of Zin.
  6229 | D:6      | Found an opulent altar of Gozag.
  6299 | D:6      | Found a sparkling altar of Nemelex Xobeh.
  6366 | D:6      | Found a glowing golden altar of the Shining One.
  6468 | D:6      | Upgraded the game from 0.18.0-2-g198d6d4 to 0.18.1-1-g2f07953
  6547 | D:6      | Found a glowing golden altar of the Shining One.
  6576 | D:6      | Noticed an oklob plant
  6603 | D:6      | Reached skill level 9 in Axes
  6758 | D:6      | Reached skill level 1 in Evocations
  6785 | D:6      | Noticed Prince Ribbit
  6909 | D:7      | Noticed Duvessa
  6913 | D:7      | Noticed Dowan
  6916 | D:7      | Killed Duvessa
  6917 | D:7      | Killed Dowan
  6917 | D:7      | Gained mutation: You passively map the area around you. [Deep Dwarf growth]
  6917 | D:7      | Reached XP level 9. HP: 14/82 MP: 5/7
  7343 | D:7      | Found a white marble altar of Elyvilon.
  7791 | D:8      | Noticed Erica
  7793 | D:8      | HP: 4/85 [something/orb of energy (8)]
  7795 | D:8      | Noticed Pikel
  7810 | D:8      | Killed from afar by Erica

Skill      XL: |  1  2  3  4  5  6  7  8  9 |
---------------+----------------------------+-----
Fighting       | 2 3 4 5 6 |  6.7
Throwing       | 2 3 |  3.2
Axes           | 4 5 7 9 |  9.8
Dodging        | 4 5 |  5.0
Invocations    | 2 3 4 |  4.5
Evocations     | 1 3 |  3.9

Action                   |  1- 3 |  4- 6 |  7- 9 || total
-------------------------+-------+-------+-------++-------
Melee: War axe           |    87 |   188 |   345 ||   620
Throw: Stone             |       |    14 |    21 ||    35
       Throwing net      |       |     3 |     3 ||     6
Invok: Minor Destruction |       |       |     7 ||     7
       Lesser Servant of |       |       |    17 ||    17
 Abil: Device Recharging |       |       |     5 ||     5
Evoke: Wand              |     1 |     3 |    12 ||    16
  Use: Scroll            |       |       |     5 ||     5
 Stab: Distracted        |       |       |     1 ||     1
  Eat: Bread ration      |     1 |       |       ||     1
       Chunk             |       |    20 |    12 ||    32
Armor: Leather armour    |    29 |    60 |       ||    89
       Ring mail         |       |     9 |   143 ||   152
Dodge: Dodged            |    84 |    99 |   164 ||   347
Block: Shield            |     3 |    77 |   140 ||   220
